 Dungeon Crawl Stone Soup version 0.28-a0-1347-g113dc556a4 (webtiles) character file.

Game seed: 12644839913819368796

204 browni3141 the Chopper (level 5, -3/41 HPs)
             Began as a Ghoul Gladiator on Dec 29, 2021.
             Slain by an iguana (9 damage)
             ... on level 4 of the Dungeon.
             The game lasted 00:02:56 (2539 turns).

browni3141 the Chopper (Ghoul Gladiator)            Turns: 2539, Time: 00:02:57

Health: -3/41      AC:  9    Str: 20    XL:     5   Next: 82%
Magic:  4/4        EV:  8    Int:  3    God:
Gold:   166        SH:  0    Dex: 10    Spells: 4/4 levels left

rFire   + . .      SeeInvis .   a - +0 war axe
rCold   + . .      Faith    .   (no shield)
rNeg    + + +      Spirit   .   f - +0 chain mail
rPois   ∞          Reflect  .   c - +0 helmet
rElec   .          Harm     .   (no cloak)
rCorr   .          Rampage  .   (no gloves)
Will    +....                   (no boots)
Stlth   ..........              p - amulet of magic regeneration
HPRegen 0.00/turn               q - ring of willpower
MPRegen 0.49/turn               j - ring of protection from fire

@: inhibited regen
A: claws 1, cold resistance 1, negative energy resistance 3, inhibited
regeneration, torment resistance 2
a: no special abilities


You were on level 4 of the Dungeon.
You visited 1 branch of the dungeon, and saw 4 of its levels.

You collected 166 gold pieces.

Inventory:

Hand Weapons
 a - a +0 war axe (weapon)
Missiles
 d - a throwing net (quivered)
Armour
 b - a +0 leather armour
 c - a +0 helmet (worn)
 f - a +0 chain mail (worn)
Jewellery
 h - a ring of resist corrosion
 j - a ring of protection from fire (right claw)
 p - an amulet of magic regeneration (around neck)
 q - a ring of willpower (left claw)
 t - a ring of willpower
Wands
 s - a wand of iceblast (9)
Scrolls
 e - a scroll of identify {unknown}
 i - 4 scrolls of teleportation {unknown}
 k - a scroll of fear {unknown}
 m - a scroll of enchant weapon {unknown}
 o - 2 scrolls of enchant armour {unknown}
 r - a scroll of noise {unknown}
Potions
 g - a potion of degeneration {unknown}
 l - a potion of attraction {unknown}
 n - a potion of heal wounds {unknown}
 u - a potion of brilliance {unknown}


   Skills:
 - Level 2.1 Fighting
 * Level 4.8 Axes
 - Level 1.7 Throwing
 - Level 2.6 Dodging
 - Level 3.0 Stealth
 * Level 1.4 Evocations


You had 4 spell levels left.
You didn't know any spells.
Your spell library contained the following spells:

 Spells                   Type           Power      Damage    Failure   Level
 Blink                    Tloc           0%         N/A       100%        2
 Lesser Beckoning         Tloc           0%         N/A       100%        3
 Manifold Assault         Tloc           0%         N/A       100%        5


Dungeon Overview and Level Annotations

Branches:
Dungeon (4/15)
 Temple: D:4-7

Altars:
Ashenzari
Nemelex Xobeh
Ru
Sif Muna
Uskayaw
Vehumet


Innate Abilities, Weirdness & Mutations

You thrive by killing the living.
You are immune to poison.
You have sharp fingernails.
Your flesh is cold resistant. (rC+)
You are immune to negative energy. (rN+++)
You do not regenerate when monsters are visible.
You are immune to unholy pain and torment.


Message History

An iguana comes into view.
An iguana is nearby!
An iguana is nearby!
An iguana is nearby!
The iguana hisses angrily.
You throw a throwing net. The throwing net hits the iguana.
The iguana is caught in the net!
The iguana struggles against the net.
The iguana struggles against the net.
You hit the iguana.
The iguana is lightly wounded.
The iguana struggles against the net.
You hit the iguana but do no damage.
The iguana is lightly wounded.
The iguana struggles against the net. x2
The net rips apart, and the iguana comes free!
You hit the iguana.
The iguana is moderately wounded.
The iguana bites you.
You hit the iguana but do no damage.
The iguana is moderately wounded.
The iguana closely misses you.
You barely miss the iguana.
The iguana is moderately wounded.
The iguana bites you. The iguana barely misses you.
You barely miss the iguana.
The iguana is moderately wounded.
The iguana bites you!
* * * LOW HITPOINT WARNING * * *
You barely miss the iguana.
The iguana is moderately wounded.
The iguana bites you.
* * * LOW HITPOINT WARNING * * *
You are too injured to fight recklessly!
Throw: 2 throwing nets
Press: ? - help, Q - select action, (/) - cycle Shift-Dir - straight line, f/p - iguana
Aim: an iguana (moderately wounded, 58% to hit)
You throw a throwing net.
The throwing net barely misses the iguana.
The iguana bites you!
You die...

... ###.. .(#.# #
#.#.# .# #.#.# #.
#.#.# .# #. #.#.# .#
#. #l#.##. #.####
#@#.#.. #.<..##
#.#.#.# ###...##
#.#.#.#
#.###.###†#.#.# # #.#
##.##.....# ###.# ...
#......#.######...
###
#.####........#.#####
#.## #...............
..# #........#.#####


You could see an iguana.

Vanquished Creatures
  2 hounds (D:4)
  Terence (D:2)
  2 hound skeletons
  An adder (D:2)
  A worm (D:3)
  2 bats (D:1)
  9 endoplasms
  6 giant cockroaches (D:2)
  8 goblins
  5 hobgoblins
  10 jackals
  6 kobolds
  4 quokkas
  8 ball pythons
  2 frilled lizards (D:1)
  6 rats
73 creatures vanquished.

Vanquished Creatures (others)
  5 plants (D:2)
  11 withered plants (D:2)
16 creatures vanquished.

Grand Total: 89 creatures vanquished

Notes
Turn   | Place    | Note
-------+----------+-------------------------------------------
     0 | D:1      | browni3141 the Ghoul Gladiator began the quest for the Orb.
     0 | D:1      | Reached XP level 1. HP: 17/17 MP: 0/0
    27 | D:1      | Reached skill level 3 in Axes
    29 | D:1      | Reached XP level 2. HP: 16/24 MP: 1/1
    38 | D:1      | Reached skill level 1 in Stealth
   489 | D:1      | Reached XP level 3. HP: 14/29 MP: 2/2
  1235 | D:2      | Noticed Terence
  1254 | D:2      | Killed Terence
  1255 | D:2      | Reached skill level 4 in Axes
  1255 | D:2      | Reached XP level 4. HP: 25/36 MP: 3/3
  1500 | D:2      | Found a faded altar of an unknown god.
  1923 | D:3      | Reached XP level 5. HP: 41/41 MP: 4/4
  2246 | D:3      | Found a sacrificial altar of Ru.
  2246 | D:3      | Found a broken altar of Ashenzari.
  2246 | D:3      | Found a sparkling altar of Nemelex Xobeh.
  2246 | D:3      | Found a radiant altar of Vehumet.
  2254 | D:3      | Found a shimmering blue altar of Sif Muna.
  2259 | D:3      | Found a hide-covered altar of Uskayaw.
  2415 | D:4      | Reached skill level 1 in Evocations
  2539 | D:4      | Slain by an iguana

Illustrated notes

Levels and vault maps discovered:
D:1:      scummos_arrival_checkerplants, layout_rooms, minmay_pentomino_z2
D:2:      layout_basic, shapermc_ecumenical_altar_flowoftime,
          nrook_loot_triangle, minmay_worlds_worst_comb, uniq_terence
D:3:      layout_rooms, minmay_overflow_temple_hex
D:4:      layout_loops_ring, nicolae_wormholes, uniq_natasha

Skill      XL: |  1  2  3  4  5 |
---------------+----------------+-----
Axes           | 3 4 |  4.8
Stealth        | 1 2 3 |  3.0
Evocations     | 1 |  1.4
Fighting       | |  2.1
Throwing       | |  1.7
Dodging        | |  2.6

Action                   |  1- 3 |  4- 6 || total
-------------------------+-------+-------++-------
Melee: War axe           |   107 |   148 ||   255
Throw: Throwing net      |       |     2 ||     2
Armor: Leather armour    |    29 |       ||    29
       Chain mail        |    59 |    79 ||   138
Dodge: Dodged            |    85 |    49 ||   134

Table legend: (Time is in decaauts)
 A = Elapsed time spent in this place.
 B = Non-inter-level travel time spent in this place.
 C = Inter-level travel time spent in this place.
 D = Time resting spent in this place.
 E = Time spent auto-exploring this place.
 F = Levels seen in this place.
 G = Mean time per level.
                   A        B        C        D        E       F      G
               +--------+--------+--------+--------+--------+-----+--------+
         Total |   2614 |   2555 |     59 |      6 |   1981 |   4 |  653.5 |
       Dungeon |   2614 |   2555 |     59 |      6 |   1981 |   4 |  653.5 |
               +--------+--------+--------+--------+--------+-----+--------+

Top non-repeatable levels by time:
     D:1: 1203 daAuts
     D:3: 667 daAuts
     D:2: 544 daAuts
     D:4: 199 daAuts
